Map: Bastion of the Conclave

Players

EzPlaga

  • Race: Zerg Zerg
  • Spawn Location: 12:00

kkwpica

  • Race: Terran Terran
  • Spawn Location: 0:00

SeanHan

  • Race: Protoss Protoss
  • Spawn Location: 12:00

Stylo

  • Race: Protoss Protoss
  • League: Gold
  • Spawn Location: 6:00

llllllllllll

  • Race: Terran Terran
  • League: Diamond
  • Spawn Location: 6:00

Metasapien

  • Race: Zerg Zerg
  • League: Platinum
  • Spawn Location: 6:00

VOD

Have the link to the VOD?

Description

Time

  • Played on: Sept. 23, 2017, 5:11 a.m.
  • Length: 23:56
Show
View Real Time Build Order
Export as new Build Order

EzPlaga Zerg 

Build Orders: Hatch First, Swarm Host 

Get SALT Encoding   

  12  0:02  Drone  
  13  0:14  Overlord  
  13  0:20  Drone  
  14  0:32  Extractor  
  14  0:33  Drone  
  14  0:37  Drone x2  
  16  0:50  Drone  
  17  1:06  Hatchery  
  16  1:22  Spawning Pool  
  15  1:27  Extractor  
  15  1:28  Drone x2  
  16  1:37  Drone  
  17  1:47  Drone  
  18  1:55  Overlord  
  18  2:10  Lair  
  18  2:20  Queen  
  20  2:34  Drone x2  
  22  2:49  Drone x4  
  26  2:52  Drone  
  27  3:01  Extractor  
  27  3:02  Extractor  
  27  3:03  Queen  
  27  3:16  Infestation Pit  
  26  3:21  Drone x2  
  28  3:29  Overlord  
  28  3:46  Nydus Network  
  27  3:57  Drone x5  
  27  3:58  Drone x2  
  34  4:16  Overlord  
  34  4:35  Drone x6  
  40  4:51  Swarm Host x4  
  52  4:57  Overlord  
  52  5:07  Overlord x2  
  52  5:21  Swarm Host  
  52  5:22  Swarm Host  
  52  5:26  Swarm Host  
  52  5:27  Swarm Host  
  64  5:35  Nydus Canal  
  64  5:43  Swarm Host  
  64  5:44  Swarm Host x2  
  73  6:14  Swarm Host  
  73  6:16  Overlord x2  
  73  6:17  Overlord  
  76  6:27  Overlord x2  
  76  6:29  Hatchery  
  75  6:35  Nydus Canal  
  75  6:38  Pneumatized Carapace  
  75  7:16  Spire  
  74  7:28  Spire  
  75  7:43  Extractor  
  74  7:46  Extractor  
  74  7:49  Queen  
  75  7:52  Hive  
  75  7:55  Drone x2  
  75  8:03  Nydus Canal  
  75  8:14  Overlord x4  
  75  8:15  Overlord x2  
  75  8:36  Drone x3  
  75  8:37  Drone x6  
  84  9:01  Corruptor x3  
  88  9:03  Corruptor  
  80  9:26  Corruptor  
  80  9:27  Corruptor  
  76  9:54  Hatchery  
  73  10:31  Corruptor x4  
  73  10:34  Corruptor  
  83  10:46  Queen  
  85  11:14  Corruptor x2  
  85  11:17  Overlord  
  73  11:54  Corruptor  
  73  11:55  Corruptor x3  
  78  12:10  Drone x2  
  78  12:11  Drone x3  
  81  12:25  Nydus Canal  
  81  12:39  Corruptor x2  
  85  13:16  Corruptor x2  
  85  13:17  Corruptor x3  
  95  13:23  Queen  
  97  13:41  Nydus Canal  
  94  14:28  Corruptor x2  
  94  14:29  Corruptor x3  
  101  14:34  Greater Spire  
  101  14:52  Baneling Nest  
  98  15:18  Zergling x12  
  98  15:19  Zergling x6  
  104  15:33  Extractor  
  103  15:35  Centrifical Hooks  
  103  15:38  Metabolic Boost  
  103  15:42  Baneling x6  
  103  15:43  Baneling x6  
  103  15:44  Baneling x6  
  103  16:07  Corruptor x4  
  103  16:08  Corruptor  
  113  16:33  Overlord x3  
  113  16:34  Overlord x3  
  113  16:40  Zergling x2  
  114  17:13  Hatchery  
  114  17:14  Extractor  
  112  17:18  Extractor  
  112  17:19  Baneling x2  
  100  17:39  Brood Lord x7  
  100  17:41  Brood Lord  
  116  17:55  Corruptor x4  
  116  17:56  Corruptor x2  
  128  18:02  Overseer x2  
  128  19:01  Corruptor x5  
  138  19:07  Zergling x2  
  138  19:08  Zergling x12  
  111  19:47  Zergling x12  
  111  19:48  Zergling x6  
  114  20:13  Corruptor x5  
  114  20:14  Corruptor  
  106  21:12  Brood Lord x4  
  106  21:13  Brood Lord x4  
  106  21:14  Brood Lord  
  124  21:37  Nydus Canal  
  124  22:17  Queen  
  124  22:19  Drone x6  
  132  22:32  Baneling x3  
  128  22:50  Brood Lord x3  
  131  23:11  Overseer x2  
Show
View Real Time Build Order
Export as new Build Order

kkwpica Terran 

Build Orders: MMM Bio 

Get SALT Encoding   

  13  0:07  SCV  
  13  0:19  SCV  
  14  0:28  Supply Depot  
  14  0:31  SCV  
  15  0:38  Refinery  
  15  0:49  SCV  
  16  0:55  Barracks  
  16  1:01  SCV  
  17  1:13  SCV  
  17  1:14  Barracks  
  18  1:26  SCV  
  19  1:34  Supply Depot  
  20  1:43  Reaper  
  21  1:49  Orbital Command  
  20  2:01  Supply Depot  
  20  2:02  Reaper  
  21  2:15  Refinery  
  21  2:16  Reaper  
  22  2:26  SCV  
  23  2:38  Factory  
  23  3:00  Barracks Reactor  
  23  3:01  Barracks Tech Lab  
  23  3:05  SCV  
  24  3:19  SCV  
  25  3:24  Starport  
  25  3:31  SCV  
  26  3:47  Marine x2  
  28  4:12  Marine x2  
  28  4:13  Starport Reactor  
  28  4:14  Factory Reactor  
  28  4:16  Marine  
  30  4:30  Marine x2  
  32  4:34  Marine  
  32  4:35  SCV  
  32  4:37  Liberator  
  32  4:38  Stimpack  
  32  4:45  Supply Depot  
  32  4:47  SCV, Supply Depot  
  32  4:48  Marine x2  
  32  4:50  Liberator  
  32  4:51  Command Center  
  32  4:52  Marine  
  39  5:07  SCV  
  39  5:08  Marine  
  44  5:14  Supply Depot  
  44  5:16  Supply Depot  
  44  5:19  Engineering Bay, SCV  
  45  5:25  Widow Mine x2  
  49  5:31  SCV  
  50  5:43  SCV  
  50  5:45  Medivac  
  50  5:47  Marine x3  
  56  5:50  Medivac  
  56  5:55  SCV  
  59  6:04  Orbital Command  
  59  6:09  Marine  
  59  6:10  Marine  
  58  6:24  Medivac x2, Marine  
  63  6:30  Orbital Command  
  63  6:34  Marine x2  
  65  6:42  Marine  
  66  6:52  Marine x2  
  66  6:53  Combat Shields  
  68  6:59  Terran Infantry Weapons Level 1  
  68  7:07  SCV  
  69  7:16  Marine  
  69  7:17  Marine x2  
  69  7:19  SCV  
  73  7:22  Missile Turret  
  73  7:48  Marine x2  
  73  7:49  Marine  
  76  8:00  SCV  
  76  8:03  Supply Depot  
  76  8:04  Supply Depot  
  77  8:05  Barracks  
  77  8:06  Marine x3  
  79  8:24  Marine x2  
  70  8:31  Widow Mine x2, Marine  
  70  8:33  SCV  
  72  8:36  Missile Turret  
  72  8:38  Refinery  
  72  8:42  Marine x2  
  74  8:49  Marine  
  74  8:55  Engineering Bay  
  75  8:56  Armory  
  75  8:57  SCV  
  75  8:59  Marine  
  75  9:00  Refinery, Marine  
  75  9:02  Barracks Reactor  
  78  9:04  Barracks  
  78  9:07  Marine  
  78  9:09  SCV  
  80  9:17  Marine x2  
  82  9:25  Marine  
  83  9:35  Marine x2  
  85  9:41  Marine x2  
  85  9:43  Marine  
  88  9:51  Terran Infantry Weapons Level 2  
  88  9:52  Terran Infantry Armor Level 1  
  88  9:53  SCV, Marine x2  
  88  9:55  Command Center  
  88  9:58  SCV  
  88  9:59  Marine x2  
  94  10:01  Marine  
  94  10:05  SCV  
  96  10:11  Marine x2  
  96  10:13  Barracks Reactor  
  98  10:17  Marine x2  
  98  10:18  SCV, Marine  
  98  10:19  Supply Depot  
  99  10:28  Marine  
  99  10:29  Marine  
  99  10:34  SCV, Supply Depot  
  102  10:36  Marine  
  102  10:40  Marine  
  97  10:44  Marine  
  97  10:46  Marine x2  
  91  10:54  Marine  
  91  10:56  Supply Depot  
  92  10:58  Marine  
  82  11:20  Marine x3  
  63  11:34  Marine x2  
  63  11:35  Marine  
  63  11:36  SCV  
  60  11:58  Marine x5  
  65  12:12  Marine x2  
  67  12:15  Marine x2  
  67  12:16  Marine  
  67  12:22  Marine  
  70  12:23  Marine  
  65  12:37  Marine  
  65  12:38  Marine x3  
  69  12:52  Marine x2  
  71  13:01  Marine x2  
  73  13:19  Marine  
  74  13:31  Marine  
  75  13:43  Marine  
  23  15:26  Orbital Command  
  22  16:49  Supply Depot  
  22  17:10  SCV  
  22  17:23  SCV  
  23  17:46  Supply Depot  
  23  17:48  Supply Depot  
  23  18:09  SCV  
  24  18:21  SCV  
  25  18:29  Barracks  
  25  18:34  SCV  
  26  18:46  SCV  
  27  18:58  SCV  
  28  19:10  SCV  
  28  19:22  SCV  
  29  19:27  Barracks Reactor  
  29  19:31  Barracks  
  29  19:34  SCV  
  30  19:46  SCV  
  31  19:56  Supply Depot  
  31  20:18  SCV, Marine x2  
  35  20:29  Barracks Reactor  
  35  20:30  SCV  
  35  20:36  Marine  
  35  20:42  SCV  
  35  20:54  SCV  
  33  21:04  Marine x4  
  33  21:06  SCV  
  31  21:18  SCV  
  31  21:22  Marine x3  
  35  21:25  Marine  
  35  21:30  SCV  
  35  21:31  Refinery  
  37  21:38  Factory  
  37  21:40  Marine x2  
  37  21:45  Supply Depot  
  39  21:48  Supply Depot  
  39  22:07  SCV, Marine x4  
  44  22:19  SCV  
  45  22:24  Marine x2  
  45  22:31  SCV  
  46  22:43  SCV  
  42  22:55  SCV  
  37  22:59  Marine  
  37  23:00  Marine  
  39  23:12  Supply Depot  
  39  23:14  Supply Depot  
  39  23:33  Marine x3  
  39  23:34  SCV  
  43  23:40  Supply Depot  
  44  23:48  Factory  
Show
View Real Time Build Order
Export as new Build Order

SeanHan Protoss 

Build Orders: Mass Adepts, Dark Templar Rush 

Get SALT Encoding   

  12  0:02  Probe (Chrono Boost)  
  13  0:13  Probe (Chrono Boost)  
  14  0:25  Pylon  
  14  0:26  Probe (Chrono Boost)  
  15  0:36  Assimilator  
  15  0:43  Probe (Chrono Boost)  
  15  0:44  Gateway  
  16  0:54  Probe (Chrono Boost)  
  17  1:00  Pylon  
  17  1:04  Probe (Chrono Boost)  
  18  1:15  Probe (Chrono Boost)  
  18  1:18  Assimilator  
  20  1:25  Probe (Chrono Boost)  
  20  1:31  Cybernetics Core  
  20  1:36  Probe (Chrono Boost)  
  21  1:43  Pylon  
  21  1:47  Probe (Chrono Boost)  
  22  1:57  Probe (Chrono Boost)  
  23  2:09  Warp Gate (Chrono Boost)  
  23  2:11  Mothership Core  
  25  2:19  Stalker  
  27  2:28  Twilight Council  
  27  2:32  Gateway  
  27  2:35  Gateway  
  27  2:39  Gateway  
  27  2:46  Pylon  
  27  2:55  Pylon  
  27  3:04  Resonating Glaives (Chrono Boost)  
  27  3:09  Pylon  
  27  3:26  Dark Shrine  
  27  3:29  Pylon  
  27  4:00  Adept  
  27  4:02  Adept x3  
  35  4:22  Adept x4  
  43  4:42  Adept x2  
  43  4:43  Adept x2  
  51  5:05  Adept x2  
  51  5:06  Adept x2  
  59  5:30  Adept x3  
  59  5:31  Adept  
  67  5:53  Dark Templar x2  
  27  8:07  Stalker x3  
  27  8:08  Stalker  
  35  8:26  Nexus  
  35  8:28  Assimilator  
  35  8:30  Stalker x2  
  35  8:31  Stalker x2  
  35  8:32  Probe, Assimilator  
  44  8:44  Probe  
  44  8:45  Forge x2  
  45  8:50  Pylon x2  
  45  8:52  Gateway  
  45  8:56  Probe  
  45  8:58  Robotics Facility  
  45  9:00  Gateway  
  46  9:06  Pylon  
  46  9:09  Probe  
  47  9:21  Probe  
  40  9:39  Protoss Ground Weapons Level 1 (Chrono Boost)  
  40  9:43  Probe  
  41  9:48  Protoss Shields Level 1 (Chrono Boost)  
  41  9:54  Probe  
  42  10:06  Probe  
  43  10:09  Warp Prism  
  45  10:29  Blink  
  45  10:32  Pylon  
  34  10:45  Observer  
  34  10:48  Dark Templar x2  
  20  11:07  Observer  
  21  11:28  Warp Prism  
  23  11:57  Nexus  
  23  12:27  Probe  
  24  12:39  Probe  
  23  13:39  Nexus  
  23  13:54  Probe  
  24  14:32  Dark Templar  
  26  14:56  Dark Templar  
  26  15:10  Dark Templar  
  24  15:15  Probe  
  24  15:18  Probe  
  26  15:26  Probe  
  27  15:28  Probe  
  27  15:36  Probe  
  28  15:46  Pylon  
  28  15:47  Probe  
  29  15:58  Probe  
  21  18:38  Nexus  
  21  20:02  Pylon  
  21  20:04  Probe  
  22  20:29  Gateway  
  22  20:32  Probe  
  22  20:34  Assimilator  
  23  20:39  Assimilator  
  23  21:00  Probe  
  23  21:11  Probe  
  24  21:21  Probe  
  25  21:27  Pylon  
  25  21:32  Probe  
  26  21:42  Probe  
  26  21:43  Nexus  
  27  21:55  Cybernetics Core  
  26  22:23  Probe  
  26  22:29  Assimilator  
  27  22:33  Probe  
  27  22:34  Assimilator  
  28  22:44  Probe  
  28  22:48  Stargate  
  29  22:54  Probe  
  29  22:56  Stargate  
  30  23:02  Pylon  
  30  23:04  Probe  
  30  23:06  Probe  
  32  23:18  Probe  
  33  23:24  Pylon  
  33  23:41  Fleet Beacon  
  33  23:43  Probe  
  33  23:44  Probe  
Show
View Real Time Build Order
Export as new Build Order

Stylo Protoss 

Build Orders:  

Get SALT Encoding   

  12  0:01  Probe (Chrono Boost)  
  13  0:14  Pylon  
  13  0:19  Probe (Chrono Boost)  
  14  0:29  Probe (Chrono Boost)  
  14  0:35  Gateway  
  15  0:40  Probe (Chrono Boost)  
  16  0:47  Assimilator  
  16  0:50  Probe (Chrono Boost)  
  17  0:59  Assimilator  
  17  1:01  Probe (Chrono Boost)  
  19  1:11  Probe (Chrono Boost)  
  19  1:16  Pylon  
  19  1:27  Cybernetics Core  
  19  1:29  Zealot  
  19  1:31  Probe (Chrono Boost)  
  22  1:43  Probe (Chrono Boost)  
  23  1:54  Probe (Chrono Boost)  
  24  2:04  Warp Gate (Chrono Boost)  
  26  2:08  Mothership Core  
  26  2:23  Nexus  
  26  2:29  Probe  
  27  2:41  Probe  
  28  2:46  Stalker (Chrono Boost)  
  30  2:54  Probe  
  31  3:14  Pylon  
  31  3:20  Stargate  
  31  3:23  Stargate  
  31  3:45  Probe  
  31  3:46  Probe  
  33  3:54  Protoss Air Weapons Level 1 (Chrono Boost)  
  33  3:58  Probe  
  34  4:04  Probe  
  34  4:07  Void Ray (Chrono Boost)  
  39  4:10  Probe  
  39  4:12  Void Ray (Chrono Boost)  
  39  4:16  Probe  
  45  4:29  Probe  
  45  4:30  Probe  
  45  4:41  Probe  
  45  4:42  Probe  
  47  4:48  Void Ray (Chrono Boost)  
  51  4:53  Probe  
  51  4:54  Probe  
  51  4:58  Assimilator  
  53  5:02  Assimilator  
  53  5:04  Pylon  
  53  5:05  Probe  
  53  5:07  Pylon  
  54  5:22  Void Ray (Chrono Boost), Probe x2  
  60  5:33  Void Ray (Chrono Boost)  
  60  5:34  Probe x2  
  66  5:46  Probe, Protoss Air Armor Level 1  
  67  6:36  Pylon  
  67  6:37  Pylon  
  67  6:40  Pylon  
  67  6:42  Pylon  
  67  6:45  Gateway  
  67  6:47  Probe x2  
  67  6:49  Fleet Beacon  
  67  6:52  Gateway  
  77  6:54  Void Ray (Chrono Boost), Gateway  
  77  6:57  Void Ray (Chrono Boost)  
  45  7:26  Probe  
  46  7:38  Probe  
  46  7:50  Probe  
  44  7:58  Nexus  
  44  8:00  Void Ray (Chrono Boost)  
  44  8:02  Probe (Chrono Boost)  
  49  8:13  Probe (Chrono Boost)  
  50  8:24  Probe (Chrono Boost)  
  51  8:34  Probe (Chrono Boost)  
  51  8:35  Void Ray  
  56  9:21  Void Ray x2  
  60  9:25  Probe x2 (Chrono Boost)  
  58  9:36  Probe (Chrono Boost)  
  47  10:01  Probe x2 (Chrono Boost)  
  49  10:12  Probe x2 (Chrono Boost)  
  48  10:43  Robotics Facility  
  48  10:48  Pylon  
  48  10:53  Protoss Air Weapons Level 2  
  48  11:07  Nexus  
  48  11:22  Void Ray  
  30  12:10  Void Ray  
  30  12:11  Void Ray  
  35  12:23  Observer  
  35  13:01  Probe (Chrono Boost)  
  35  13:02  Probe (Chrono Boost)  
  37  13:10  Assimilator  
  37  13:12  Probe x2 (Chrono Boost)  
  39  13:22  Probe (Chrono Boost)  
  39  13:23  Probe (Chrono Boost)  
  41  13:33  Probe x2 (Chrono Boost)  
  43  13:34  Void Ray  
  47  13:43  Probe (Chrono Boost)  
  47  13:44  Probe (Chrono Boost)  
  46  14:34  Warp Prism  
  46  14:35  Void Ray  
  52  17:10  Nexus  
  52  18:30  Probe (Chrono Boost)  
  53  18:41  Probe (Chrono Boost)  
  54  18:42  Assimilator  
  54  18:46  Assimilator  
  53  18:51  Probe (Chrono Boost)  
  49  19:22  Void Ray x2  
  37  20:10  Void Ray (Chrono Boost)  
  37  20:11  Void Ray (Chrono Boost)  
  45  20:49  Stalker x4  
  53  21:20  Void Ray x2 (Chrono Boost)  
  61  21:58  Void Ray (Chrono Boost)  
  61  21:59  Void Ray (Chrono Boost)  
  69  22:36  Void Ray (Chrono Boost)  
  69  23:05  Zealot x4  
  71  23:11  Void Ray (Chrono Boost)  
Show
View Real Time Build Order
Export as new Build Order

llllllllllll Terran 

Build Orders: Command Center First (CC), MMM Bio 

Get SALT Encoding   

  12  0:08  SCV  
  13  0:15  Supply Depot  
  13  0:20  SCV  
  14  0:32  SCV  
  15  0:44  SCV  
  16  0:56  SCV  
  17  1:04  Command Center  
  17  1:08  SCV  
  18  1:17  Barracks  
  18  1:21  SCV  
  19  1:28  Refinery  
  19  1:33  Refinery  
  19  1:34  SCV  
  20  1:46  SCV  
  21  1:58  SCV  
  22  2:05  Barracks Tech Lab  
  22  2:10  Orbital Command  
  22  2:15  Orbital Command  
  22  2:23  Factory  
  22  2:30  Barracks  
  22  2:38  Stimpack  
  22  2:40  SCV  
  23  2:45  SCV  
  23  2:49  Marine  
  25  2:56  SCV  
  25  2:57  SCV  
  27  3:07  Factory Tech Lab  
  27  3:08  SCV  
  27  3:09  SCV  
  27  3:10  Starport  
  29  3:18  Barracks Reactor  
  29  3:20  SCV  
  29  3:21  SCV  
  29  3:26  Engineering Bay  
  31  3:30  Engineering Bay  
  31  3:32  SCV  
  31  3:33  SCV  
  33  3:37  Refinery  
  33  3:39  Refinery  
  33  3:44  SCV  
  33  3:45  Siege Tank, SCV  
  38  3:51  Starport Reactor  
  38  3:59  Marine  
  38  4:19  Marine x2, Supply Depot  
  38  4:20  Marauder, SCV x2  
  44  4:32  SCV x2  
  46  4:40  Medivac x2  
  46  4:41  Marauder, Terran Infantry Weapons Level 1  
  46  4:44  SCV x2  
  54  4:47  Terran Infantry Armor Level 1  
  54  5:03  Supply Depot  
  54  5:05  Supply Depot  
  54  5:14  Armory  
  54  5:17  Supply Depot  
  54  5:19  Supply Depot  
  54  5:24  SCV x2, Marine x2  
  54  5:25  Marauder  
  60  5:29  Concussive Shells  
  60  5:30  Barracks  
  60  5:31  Barracks  
  60  5:36  SCV  
  60  5:37  SCV  
  60  5:42  Marine x2  
  64  5:46  Marauder  
  64  5:49  SCV x2  
  68  5:53  Siege Tank  
  68  5:54  Medivac x2  
  75  6:00  Marine  
  76  6:07  Marauder  
  78  6:12  Combat Shields  
  78  6:14  SCV x2  
  80  6:20  Supply Depot  
  80  6:21  Terran Vehicle And Ship Armor Level 1  
  80  6:26  SCV  
  80  6:28  Marine  
  80  6:29  Marauder, Marine  
  80  6:30  Barracks Tech Lab, Barracks Reactor  
  85  6:34  Command Center  
  85  6:41  Missile Turret  
  85  6:43  Missile Turret  
  85  6:45  Missile Turret  
  85  6:46  Marine  
  86  6:47  Missile Turret  
  86  6:50  Marauder  
  86  6:53  SCV x2  
  90  7:05  SCV  
  74  7:41  Terran Infantry Armor Level 2, Terran Infantry Weapons Level 2  
  74  7:43  Marine x2  
  74  7:44  Marauder x2, Marine x2  
  78  7:51  Siege Tank  
  83  7:54  Orbital Command  
  83  7:58  SCV  
  83  7:59  SCV  
  83  8:01  Marine x3  
  83  8:02  Marine  
  83  8:05  Marauder x2  
  93  8:11  SCV x2  
  95  8:19  Marine  
  96  8:27  Marauder x2  
  98  8:32  Orbital Command  
  98  8:33  SCV x2  
  94  8:45  SCV x2  
  94  8:48  Marauder x2  
  95  8:57  SCV  
  95  8:59  Refinery, SCV x2  
  98  9:04  Refinery, Marine  
  98  9:05  Marine x3  
  98  9:06  Medivac x2  
  98  9:07  Siege Tank  
  98  9:09  Marauder, SCV  
  114  9:10  Marauder  
  114  9:11  SCV x2  
  116  9:22  Marine  
  117  9:38  Supply Depot  
  117  9:41  Missile Turret  
  117  10:00  Medivac x2, Marauder, Marine x2  
  117  10:01  Supply Depot  
  117  10:02  Supply Depot x2  
  117  10:05  Refinery  
  125  10:19  Command Center  
  125  10:21  Starport  
  125  10:23  Siege Tank, Marauder x2, Marine x4  
  136  10:40  Marine x2  
  136  10:41  Marine  
  139  10:45  Marauder x2  
  143  10:58  Marine  
  143  10:59  Marine  
  145  11:06  Marauder x2  
  104  11:27  Marauder  
  104  11:28  Marauder  
  104  11:30  Marine  
  104  11:31  Marine x3  
  93  11:33  Medivac x2  
  95  11:40  Missile Turret  
  95  11:43  SCV x3  
  98  11:48  Marine x2  
  98  11:49  Marauder x2, Marine x2  
  98  11:51  Starport Reactor  
  106  11:55  Starport, SCV x3  
  106  11:56  Terran Vehicle And Ship Armor Level 2, Starport  
  106  11:57  Armory  
  106  11:58  Terran Infantry Weapons Level 3  
  109  12:03  Medivac x2  
  109  12:07  SCV x2  
  109  12:08  SCV  
  116  12:10  Marauder x2  
  120  12:26  Missile Turret  
  120  12:27  Missile Turret  
  120  12:31  Marauder  
  120  12:32  Marauder  
  120  12:33  Medivac x2  
  121  12:53  Marauder x2  
  121  12:57  Planetary Fortress  
  124  12:59  Refinery  
  124  13:00  Refinery  
  124  13:01  SCV x2  
  124  13:03  Medivac  
  121  13:13  SCV x2  
  123  13:25  SCV  
  124  13:32  SCV  
  125  13:34  Medivac x2  
  125  13:35  Medivac x2, Marine  
  125  13:36  Marauder x2, Marine x3  
  125  13:37  SCV  
  142  13:44  SCV  
  143  13:50  SCV  
  143  13:53  Marine  
  145  13:56  SCV  
  145  13:57  Marauder  
  145  13:58  Marauder  
  150  14:04  Medivac x2  
  147  14:26  Marine x2  
  149  14:35  Marine  
  149  14:36  Marine  
  148  14:40  Marauder x2  
  148  14:44  Marine x2  
  132  14:53  Marine  
  128  15:01  Marauder x2  
  127  15:23  Marauder x2, SCV x2  
  133  15:35  SCV x2  
  129  15:47  SCV x2  
  131  15:59  SCV  
  132  16:04  SCV  
  133  16:15  SCV  
  133  16:16  SCV  
  115  16:27  SCV  
  115  16:29  SCV  
  117  16:39  SCV  
  118  16:53  Orbital Command  
  118  17:07  Starport Tech Lab  
  118  17:08  Starport Tech Lab  
  102  17:49  Marine  
  102  17:50  Marauder x2, Marine x3  
  110  17:51  Medivac x3  
  110  17:54  Raven x2  
  110  17:55  Medivac  
  122  18:07  Marine  
  122  18:11  Marauder  
  122  18:12  Marauder  
  127  18:21  Medivac x2  
  131  18:28  Recalibrated Explosives, Corvid Reactor  
  131  18:46  Orbital Command  
  122  19:24  Orbital Command  
  122  19:34  Viking x4  
  130  19:41  SCV  
  131  19:53  SCV x2  
  131  19:54  SCV  
  134  20:04  Viking x2  
  134  20:05  SCV  
  134  20:06  SCV x2  
  140  20:17  SCV  
  140  20:18  SCV x2  
  143  20:29  SCV  
  143  20:30  SCV x2  
  141  21:15  Command Center  
  141  21:36  Refinery  
  141  21:44  Terran Vehicle Weapons Level 1  
  86  22:56  Viking  
  86  22:57  Viking x4  
  48  23:21  Missile Turret  
  48  23:24  Missile Turret  
  48  23:26  Missile Turret  
  48  23:27  Missile Turret  
  48  23:29  Marauder x2, Marine x4  
  56  23:43  Missile Turret  
Show
View Real Time Build Order
Export as new Build Order

Metasapien Zerg 

Build Orders: Hatch First 

Get SALT Encoding   

  12  0:01  Drone  
  13  0:34  Drone  
  14  0:43  Overlord  
  14  0:50  Hatchery  
  14  0:52  Drone  
  14  1:08  Spawning Pool  
  14  1:09  Drone  
  14  1:13  Drone  
  14  1:18  Drone  
  16  1:28  Drone  
  16  1:31  Extractor  
  16  1:32  Drone  
  17  1:46  Drone  
  18  1:54  Drone  
  19  2:03  Drone  
  19  2:04  Queen  
  19  2:06  Drone  
  23  2:14  Drone  
  24  2:17  Queen  
  24  2:19  Drone  
  27  2:25  Spine Crawler  
  27  2:27  Drone  
  27  2:32  Spine Crawler  
  27  2:35  Drone  
  27  2:51  Spine Crawler, Zergling x2  
  27  2:57  Drone  
  28  3:02  Metabolic Boost  
  28  3:17  Spine Crawler  
  27  3:20  Overlord  
  27  3:22  Drone  
  27  3:23  Overlord  
  27  3:24  Overlord  
  28  3:32  Overlord  
  27  3:42  Zergling x4  
  27  3:43  Zergling x4  
  29  3:52  Drone  
  28  4:16  Zergling x6  
  28  4:17  Zergling x4  
  32  4:18  Drone  
  35  4:45  Drone x2  
  35  4:46  Drone  
  37  4:54  Lair  
  37  5:02  Extractor  
  37  5:04  Drone, Zergling x2, Hatchery  
  37  5:05  Drone, Zergling x2  
  37  5:06  Drone x2  
  42  5:07  Drone  
  42  5:09  Drone  
  43  5:14  Roach Warren  
  42  5:31  Drone  
  42  5:32  Drone  
  42  5:35  Extractor  
  43  5:36  Drone  
  43  5:37  Drone x2  
  43  5:40  Extractor  
  45  5:48  Spore Crawler  
  44  5:51  Spore Crawler  
  44  5:52  Spore Crawler  
  44  5:53  Zergling x8  
  44  5:54  Zergling x4  
  46  6:08  Hydralisk Den  
  35  6:18  Drone, Queen  
  22  6:19  Queen  
  22  6:22  Drone x3  
  22  6:23  Drone x2  
  25  6:26  Zergling x6  
  26  6:35  Drone  
  26  6:39  Drone x2  
  28  6:42  Overseer  
  28  6:44  Zergling x2  
  22  6:55  Spore Crawler  
  21  7:05  Drone  
  21  7:06  Drone  
  23  7:19  Zergling x4  
  24  7:34  Roach  
  24  7:35  Roach x2  
  30  7:39  Drone  
  31  7:50  Overlord  
  31  7:53  Drone  
  31  7:54  Drone  
  31  7:56  Drone  
  34  7:58  Drone  
  22  8:19  Drone x2  
  16  8:20  Drone  
  17  8:28  Drone x3  
  20  8:34  Drone  
  20  8:35  Drone  
  20  8:41  Drone  
  23  8:46  Drone  
  24  9:12  Hatchery  
  24  9:15  Drone  
  24  9:30  Drone  
  24  9:31  Drone  
  26  9:33  Drone x3  
  29  9:57  Drone x4  
  33  10:03  Infestation Pit, Glial Reconstitution  
  32  10:12  Drone  
  33  10:27  Drone  
  34  10:42  Drone  
  35  10:49  Drone  
  36  10:58  Extractor x2  
  36  11:02  Pneumatized Carapace, Hatchery  
  33  11:05  Roach, Hydralisk x3  
  33  11:08  Overlord  
  41  11:13  Drone  
  42  11:30  Drone x2  
  44  11:34  Overlord x2  
  44  11:36  Overlord  
  44  11:39  Queen  
  46  11:50  Hydralisk x3  
  46  11:53  Overlord  
  52  12:02  Drone x3  
  52  12:05  Drone x2  
  52  12:06  Drone  
  58  12:13  Drone x3  
  61  12:16  Drone  
  48  12:30  Hydralisk  
  48  12:31  Roach x2, Hydralisk  
  48  12:34  Drone  
  53  12:38  Zergling x2  
  54  12:49  Zergling x2  
  55  13:04  Drone x4  
  55  13:05  Hatchery  
  58  13:10  Queen  
  60  13:12  Hydralisk  
  65  13:39  Drone  
  65  13:40  Drone  
  65  13:41  Drone  
  68  13:53  Drone x2  
  70  13:56  Burrow  
  70  14:06  Roach x2  
  70  14:07  Roach x5  
  84  14:20  Drone  
  85  14:24  Queen  
  87  14:37  Nydus Network  
  87  14:38  Overlord x3  
  86  14:39  Overlord  
  86  14:41  Drone x2  
  88  14:50  Spore Crawler  
  88  14:51  Drone  
  88  15:01  Drone  
  89  15:08  Drone x6  
  89  15:09  Drone x2  
  97  15:16  Hydralisk x2  
  97  15:17  Roach, Hydralisk x2  
  97  15:18  Roach  
  109  15:21  Drone, Extractor x2  
  109  15:28  Nydus Canal  
  93  15:53  Drone x3  
  91  16:10  Hatchery  
  90  16:12  Spore Crawler  
  90  16:15  Spine Crawler  
  90  16:17  Roach, Hydralisk x2  
  90  16:18  Overlord x3, Roach  
  96  16:53  Roach, Hydralisk x4  
  96  16:54  Hydralisk  
  104  16:58  Hydralisk x7  
  104  16:59  Hydralisk x8  
  108  17:03  Roach x15  
  108  17:31  Hydralisk x2  
  108  17:33  Hydralisk  
  114  18:09  Hatchery  
  112  18:33  Hatchery  
  111  18:39  Overlord  
  111  18:40  Overlord  
  111  18:41  Hydralisk x2  
  111  18:42  Roach, Hydralisk  
  111  18:43  Roach  
  60  20:02  Zergling x2, Hydralisk  
  60  20:03  Roach x3, Hydralisk  
  71  20:08  Drone  
  71  20:16  Drone x6  
  71  20:17  Drone  
  72  20:31  Drone  
  67  20:47  Drone  
  67  20:48  Drone x2  
  50  21:01  Drone  
  51  21:09  Drone x2  
  51  21:10  Drone  
  54  21:30  Hatchery  
  53  21:47  Hydralisk x2  
  57  21:59  Drone x3  
  57  22:00  Drone x3  
  63  22:14  Drone x3  
  66  22:24  Hydralisk  
  66  22:25  Roach x2  
  66  22:41  Roach, Hydralisk x3  
  66  22:42  Roach x2  
  70  22:48  Drone x12  
  60  22:57  Drone x2  
  60  22:58  Drone  
Tags
 
Add a new tag
Caveats
  • Supply blocks, unpowered buildings, or Contaminate may cause inaccurate times.
  • Supply counts are checked every 10 seconds.